 Dungeon Crawl Stone Soup version bcrawl-1.39.1 (webtiles) character file.

Game seed: 12708987288445194628

218448 Finalfun the Magician (level 8, -9/58 HPs)
             Began as a Gnoll Wanderer on Sept 21, 2023.
             Was an Initiate of Qazlal.
             Mangled by a troll (10 damage)
             ... on level 5 of the Dungeon.
             The game lasted 00:17:44 (5209 turns).

Finalfun the Magician (Gnoll Wanderer)              Turns: 5209, Time: 00:17:44

Health: -9/58      AC:  2    Str: 15    XL:     8   Next: 37%
Magic:  10/19      EV: 13    Int: 15    God:    Qazlal [......]
Gold:   143        SH:  6    Dex: 21    Spells: 13/22 levels left

rFire    . . .     GDR:     34% a - +1 dagger
rCold    + . .     SeeInvis .   s - +0 buckler {rC+}
rNeg     . . .     Gourm    .   i - +0 robe "Uriomeff" {Dex+5 Stlth-} (curse)
rPois    .         Faith    .   (no helmet)
rElec    .         Spirit   .   (no cloak)
rCorr    .         Reflect  .   (no gloves)
MR       .....                  (no boots)
Stlth    ++........             (no amulet)
HPRegen  0.19/turn              (no ring)
MPRegen  0.16/turn              (no ring)

@: very slightly contaminated
A: distributed training, fangs 1, strong nose
a: Renounce Religion


You were on level 5 of the Dungeon.
You worshipped Qazlal.
Qazlal was noncommittal.
You were not hungry.

You visited 1 branch of the dungeon, and saw 5 of its levels.

You collected 304 gold pieces.
You spent 161 gold pieces at shops.

Inventory:

Hand Weapons
 a - a +1 dagger (weapon)
Armour
 d - a +0 robe
 i - the cursed +0 robe "Uriomeff" (worn) {Dex+5 Stlth-}
   (You found it on level 4 of the Dungeon)

   It affects your dexterity (+5).
   It makes you less stealthy.
   It has a curse placed upon it.
 s - a +0 buckler of cold resistance (worn)
Wands
 h - a wand of paralysis (12)
 r - a wand of iceblast (9)
Scrolls
 b - a scroll of enchant armour {unknown}
 g - 2 scrolls of enchant weapon
 l - 2 scrolls of remove curse
 o - a scroll of fog {unknown}
 p - 2 scrolls of amnesia
Potions
 c - 5 potions of curing
 f - 2 potions of flight
 j - 3 potions of might {unknown}
 k - a potion of magic {unknown}
 m - a potion of brilliance {unknown}
 n - a potion of resistance {unknown}
 q - a potion of agility {unknown}
Comestibles
 e - 5 rations {!d}
 t - a chunk of flesh


   Skills:
 + Level 3.1 Fighting
 + Level 3.1 Short Blades
 + Level 3.1 Long Blades
 + Level 3.1 Axes
 + Level 3.1 Maces & Flails
 + Level 3.1 Polearms
 + Level 3.1 Staves
 + Level 3.1 Slings
 + Level 3.1 Bows
 + Level 3.1 Crossbows
 + Level 4.1 Throwing
 + Level 3.1 Armour
 + Level 3.1 Dodging
 + Level 3.1 Stealth
 + Level 3.1 Shields
 + Level 3.1 Unarmed Combat
 + Level 7.9 Spellcasting
 + Level 3.4 Conjurations
 + Level 2.5 Hexes
 + Level 2.5 Charms
 + Level 4.6 Summonings
 + Level 3.4 Necromancy
 + Level 2.5 Translocations
 + Level 2.5 Transmutations
 + Level 3.4 Fire Magic
 + Level 2.5 Ice Magic
 + Level 2.5 Air Magic
 + Level 2.5 Earth Magic
 + Level 2.5 Poison Magic
 + Level 3.5 Invocations
 + Level 4.1 Evocations


You had 13 spell levels left.
You knew the following spells:

 Your Spells              Type           Power        Failure   Level  Hunger
a - Magic Dart            Conj           ###.         6%          1    None
b - Summon Small Mammal   Summ           ###.         3%          1    None
c - Call Imp              Summ           ###...       5%          2    None
d - Searing Ray           Conj           ###.....     10%         2    None
e - Call Canine Familiar  Summ           ###.....     11%         3    None

Your spell library contained the following spells:

 Spells                   Type           Power        Failure   Level  Hunger
 Iskenderun's Mystic Bla  Conj           ###.....     19%         3    None
 Summon Ice Beast         Ice/Summ       ###.....     50%         4    ###....
 Fulminant Prism          Conj/Hex       ##........   58%         4    ###....
 Summon Lightning Spire   Summ/Air       ###.....     83%         5    #####..
 Irradiate                Conj/Tmut      ##........   90%         5    #####..


Dungeon Overview and Level Annotations

Branches:
Dungeon (5/12)
 Temple: D:4-7

Altars:
Ashenzari
Cheibriados
Qazlal
Ru

Shops:
D:4 [


Innate Abilities, Weirdness & Mutations

Your experience applies equally to all skills.
You have very sharp teeth.
Your uncanny sense of smell can sniff out nearby items.


Message History

The troll is lightly wounded.
The troll bites you!! The troll claws you!
* * * LOW HITPOINT WARNING * * *
You block the troll's attack.
The searing ray hits the troll.
The troll is lightly wounded.
A jelly comes into view.
The troll bites you!
* * * LOW HITPOINT WARNING * * *
The troll misses you. The troll completely misses you.
The searing ray hits the troll!
The troll is heavily wounded.
The jelly quivers.
You block the troll's attack. The troll claws you.
* * * LOW HITPOINT WARNING * * *
The troll misses you.
The searing ray hits the troll!
The troll is almost dead.
The troll bites you!
You die...

#...##.# #...##.# #. ∆
#...##.# #. ##...##.#
#. #....##.### #.#
#....##...## ..
#....####..# #.##
.....# ##.# #..#
##.### #.# #@# #.# #.#
###T##### #.#
#.###.......#
##.#######..........)#
...........(.........#
##.########..........#
............#.J###.###
#.############.# $(#
...# #... ....


You could see a troll and a jelly.

Vanquished Creatures
  2 sky beasts
  3 ogres
  A centaur (D:4)
  A scorpion (D:3)
  An orc priest (D:3)
  2 hounds
  5 orc wizards
  3 worker ants
  Natasha (twice) (D:3)
  5 adders
  An ooze (D:4)
  An adder skeleton (D:3)
  A worm (D:4)
  A dart slug (D:1)
  4 leopard geckos
  11 orcs
  A ball python (D:1)
  3 giant cockroaches
  11 goblins
  11 hobgoblins
  8 jackals
  4 kobolds
  2 quokkas
  9 bats
  6 frilled lizards
  13 rats
112 creatures vanquished.

Vanquished Creatures (collateral kills)
  An orc wizard (D:3)
  An ooze (D:2)
  A worm (D:2)
  An orc (D:4)
  A bat (D:2)
  A goblin (D:2)
  A kobold (D:1)
7 creatures vanquished.

Vanquished Creatures (others)
  An orc priest (D:3)
  An orc (D:3)
2 creatures vanquished.

Grand Total: 121 creatures vanquished

Notes
Turn   | Place    | Note
-------+----------+-------------------------------------------
     0 | D:1      | Finalfun the Gnoll Wanderer began the quest for the Orb.
     0 | D:1      | Finalfun set off with the following items: a +0 dagger, a
                  | potion of curing, a +0 robe, a ration {!d}; and the
                  | following spells available to memorise: Summon Small
                  | Mammal, Call Imp, Magic Dart, Searing Ray, Call Canine
                  | Familiar, Iskenderun's Mystic Blast, Summon Ice Beast,
                  | Fulminant Prism, Summon Lightning Spire, Irradiate
     0 | D:1      | Reached XP level 1. HP: 13/13 MP: 8/8
     2 | D:1      | Learned a level 1 spell: Magic Dart
     4 | D:1      | Learned a level 1 spell: Summon Small Mammal
   277 | D:1      | Reached XP level 2. HP: 19/19 MP: 8/10
   618 | D:1      | Learned a level 2 spell: Call Imp
   621 | D:1      | Learned a level 2 spell: Searing Ray
   835 | D:1      | Reached XP level 3. HP: 24/25 MP: 0/11
  1630 | D:2      | Reached skill level 1 in Invocations
  1940 | D:2      | Reached skill level 1 in Fighting
  1940 | D:2      | Reached skill level 1 in Short Blades
  1940 | D:2      | Reached skill level 1 in Long Blades
  1940 | D:2      | Reached skill level 1 in Axes
  1940 | D:2      | Reached skill level 1 in Maces & Flails
  1940 | D:2      | Reached skill level 1 in Polearms
  1940 | D:2      | Reached skill level 1 in Staves
  1940 | D:2      | Reached skill level 1 in Slings
  1940 | D:2      | Reached skill level 1 in Bows
  1940 | D:2      | Reached skill level 1 in Crossbows
  1940 | D:2      | Reached skill level 1 in Armour
  1940 | D:2      | Reached skill level 1 in Dodging
  1940 | D:2      | Reached skill level 1 in Stealth
  1940 | D:2      | Reached skill level 1 in Shields
  1940 | D:2      | Reached skill level 1 in Unarmed Combat
  1990 | D:2      | Reached XP level 4. HP: 27/32 MP: 7/13
  2335 | D:2      | Found a shattered altar of Ashenzari.
  2682 | D:3      | Noticed an ogre
  2772 | D:3      | Killed an ogre
  2773 | D:3      | Reached skill level 1 in Hexes
  2773 | D:3      | Reached skill level 1 in Charms
  2773 | D:3      | Reached skill level 1 in Translocations
  2773 | D:3      | Reached skill level 1 in Transmutations
  2773 | D:3      | Reached skill level 1 in Ice Magic
  2773 | D:3      | Reached skill level 1 in Air Magic
  2773 | D:3      | Reached skill level 1 in Earth Magic
  2773 | D:3      | Reached skill level 1 in Poison Magic
  2773 | D:3      | Reached XP level 5. HP: 37/37 MP: 1/14
  2857 | D:3      | Found a snail-covered altar of Cheibriados.
  2871 | D:3      | Reached XP level 6. HP: 24/44 MP: 5/16
  3339 | D:3      | Noticed Natasha
  3345 | D:3      | Killed Natasha
  3403 | D:3      | Reached XP level 7. HP: 50/50 MP: 5/18
  3645 | D:3      | Found a faded altar of an unknown god.
  3777 | D:3      | Noticed Natasha
  3788 | D:3      | Killed Natasha
  3991 | D:4      | Got a shadowed robe
  4002 | D:4      | Identified the cursed +0 robe "Uriomeff" {Dex+5 Stlth-}
                  | (You found it on level 4 of the Dungeon)
  4206 | D:4      | Found Reymish's Armour Boutique.
  4221 | D:4      | Bought a +0 buckler of cold resistance for 161 gold pieces
  4482 | D:4      | Reached XP level 8. HP: 57/57 MP: 10/19
  4514 | D:4      | Learned a level 3 spell: Call Canine Familiar
  4557 | D:4      | Found a stormy altar of Qazlal.
  4558 | D:4      | Noticed a water elemental
  4558 | D:4      | Noticed an air elemental
  4563 | D:4      | Became a worshipper of Qazlal Stormbringer
  4638 | D:4      | Found a sacrificial altar of Ru.
  5029 | D:5      | Entered Level 5 of the Dungeon
  5196 | D:5      | Noticed a troll
  5208 | D:5      | HP: 1/58 [troll (3)]
  5209 | D:5      | Mangled by a troll

Skill      XL: |  1  2  3  4  5  6  7  8 |
---------------+-------------------------+-----
Conjurations   | 2 3 |  3.4
Necromancy     | 2 3 |  3.4
Fire Magic     | 2 3 |  3.4
Invocations    | 1 2 3 |  3.5
Fighting       | 1 2 3 |  3.1
Short Blades   | 1 2 3 |  3.1
Long Blades    | 1 2 3 |  3.1
Axes           | 1 2 3 |  3.1
Maces & Flails | 1 2 3 |  3.1
Polearms       | 1 2 3 |  3.1
Staves         | 1 2 3 |  3.1
Slings         | 1 2 3 |  3.1
Bows           | 1 2 3 |  3.1
Crossbows      | 1 2 3 |  3.1
Armour         | 1 2 3 |  3.1
Dodging        | 1 2 3 |  3.1
Stealth        | 1 2 3 |  3.1
Shields        | 1 2 3 |  3.1
Unarmed Combat | 1 2 3 |  3.1
Throwing       | 3 4 |  4.1
Hexes          | 1 2 |  2.5
Charms         | 1 2 |  2.5
Translocations | 1 2 |  2.5
Transmutations | 1 2 |  2.5
Ice Magic      | 1 2 |  2.5
Air Magic      | 1 2 |  2.5
Earth Magic    | 1 2 |  2.5
Poison Magic   | 1 2 |  2.5
Evocations     | 3 4 |  4.1
Summonings     | 4 |  4.6
Spellcasting   | |  7.9

Action                   |  1- 3 |  4- 6 |  7- 9 || total
-------------------------+-------+-------+-------++-------
Melee: Dagger            |    18 |    15 |     8 ||    41
       Bite              |     1 |     1 |     2 ||     4
 Cast: Magic Dart        |    70 |    52 |    50 ||   172
       Summon Small Mamm |     7 |     4 |       ||    11
       Searing Ray       |     4 |     8 |    15 ||    27
       Call Imp          |     3 |     2 |       ||     5
       Call Canine Famil |       |       |     1 ||     1
  Use: Scroll            |     2 |     1 |     1 ||     4
       Potion            |       |     1 |       ||     1
 Stab: Sleeping          |     3 |     3 |       ||     6
  Eat: Chunk             |     5 |     6 |     8 ||    19
Armor: Robe              |    11 |     3 |     5 ||    19
Dodge: Dodged            |    22 |    28 |    22 ||    72
Block: Buckler           |       |       |     9 ||     9
